 Dungeon Crawl Stone Soup version 0.18-a0-19-g8b99b3a (webtiles) character file.

6372 OTRawrior the Thaumaturge (level 10, 52/52 HPs)
             Began as a Gargoyle Wizard on July 26, 2015.
             Was an Initiate of Vehumet.
             Quit the game on level 9 of the Dungeon on Aug 9, 2016.
             The game lasted 00:42:26 (12959 turns).

OTRawrior the Thaumaturge (Gargoyle Wizard)        Turns: 12959, Time: 00:42:26

Health: 52/52      AC: 16    Str: 11    XL:     10   Next: 97%
Magic:  26/31      EV: 13    Int: 22    God:    Vehumet [......]
Gold:   254        SH:  5    Dex: 13    Spells: 4 memorised, 16 levels left

rFire  + . .     SeeInvis .     U - +2 whip of Vuhish {slash, MR+ Dex+3}
rCold  . . .     Clarity  .     J - +1 leather armour {rF+}
rNeg   + + .     SustAt   .     H - +0 buckler
rPois  ∞         Gourm    .     b - +0 hat
rElec  +         Spirit   .     C - +1 cloak of Trumpets {rN+}
rCorr  .         Warding  .     (no gloves)
rMut   .         Stasis   +     P - +1 pair of boots
MR     +....                    s - amulet of stasis
Stlth  ++........               y - ring of magical power
                                m - ring of wizardry

@: repel missiles, somewhat resistant to hostile enchantments, unstealthy
A: agile 1, frail 1, mutation resistance 1, negative energy resistance 1,
electricity resistance, unbreathing, petrification resistance, rot immunity, AC
+7
a: Renounce Religion


You were on level 9 of the Dungeon.
You worshipped Vehumet.
Vehumet was noncommittal.
You were very hungry.

You visited 3 branches of the dungeon, and saw 12 of its levels.
You also visited: Ossuary and Bailey.

You collected 674 gold pieces.
You spent 420 gold pieces at shops.

Inventory:

Hand Weapons
 F - a +2 whip of freezing
 G - a +3 flail of venom
 U - the +2 whip of Vuhish (weapon) {slash, MR+ Dex+3}
   (You took it off an orc on level 8 of the Dungeon)

   It inflicts extra damage upon your enemies.
   It affects your dexterity (+3).
   It affects your resistance to hostile enchantments.
Missiles
 h - 16 tomahawks (quivered)
Armour
 b - a +0 hat (worn)
 C - the +1 cloak of Trumpets (worn) {rN+}
   (You found it on level 6 of the Dungeon)

   It protects you from negative energy.
 H - a +0 buckler (worn)
 J - a +1 leather armour of fire resistance (worn)
 P - a +1 pair of boots (worn)
Jewellery
 m - a ring of wizardry (left hand)
 s - an amulet of stasis (around neck)
 u - a +3 ring of strength
 y - a ring of magical power (right hand)
 B - an uncursed ring of see invisible
 K - an uncursed ring of protection from cold
Scrolls
 a - 3 scrolls of amnesia
 e - 2 scrolls of remove curse
 k - 4 scrolls of fear
 p - 2 scrolls of recharging
 q - a scroll of enchant weapon
 r - 6 scrolls of blinking
 D - 3 scrolls of identify
 I - a scroll of enchant armour
 M - 4 scrolls of teleportation
 R - 2 scrolls of magic mapping
Potions
 g - 5 potions of curing
 j - 2 potions of agility {unknown}
 l - 2 potions of haste {unknown}
 n - 2 potions of degeneration {unknown}
 o - a potion of beneficial mutation {unknown}
 t - 4 potions of resistance {unknown}
 v - 5 potions of poison {unknown}
 w - 4 potions of brilliance {unknown}
 z - 2 potions of flight {unknown}
 A - 3 potions of ambrosia {unknown}
 E - 2 potions of mutation {unknown}
 N - a potion of cancellation {unknown}
 O - 3 potions of might {unknown}
 Q - 2 potions of invisibility
 S - a potion of experience {unknown}
Books
 c - a book of Minor Magic

   Spells                             Type                      Level
   a - Magic Dart                     Conjuration                  1
   b - Blink                          Translocation                2
   c - Call Imp                       Summoning                    2
   d - Repel Missiles                 Charms/Air                   2
   e - Slow                           Hexes                        2
   f - Conjure Flame                  Conjuration/Fire             3
   g - Mephitic Cloud                 Conjuration/Poison/Air       3
 i - a Necronomicon

   Spells                             Type                      Level
   a - Haunt                          Necromancy/Summoning         7
   b - Borgnjor's Revivification      Necromancy                   8
   c - Death's Door                   Charms/Necromancy            8
   d - Necromutation                  Transmutation/Necromancy     8
 L - a book of Envenomations

   Spells                             Type                      Level
   a - Spider Form                    Transmutation/Poison         3
   b - Alistair's Intoxication        Transmutation/Poison         4
   c - Olgreb's Toxic Radiance        Poison                       4
   d - Poisonous Cloud                Conjuration/Poison/Air       6
Comestibles
 d - 5 bread rations
 f - 5 meat rations
 x - 3 beef jerkies


   Skills:
 + Level 4.3 Fighting
 + Level 4.5 Armour
 + Level 4.2 Dodging
 - Level 2.1 Stealth
 * Level 5.0 Shields
 * Level 8.3 Spellcasting
 - Level 5.9 Conjurations
   Level 0.8 Summonings
   Level 0.8 Translocations
 * Level 6.3 Fire Magic
 * Level 5.0 Air Magic


You had 16 spell levels left.
You knew the following spells:

 Your Spells              Type           Power        Failure   Level  Hunger
a - Magic Dart            Conj           ####         1%          1    None
b - Conjure Flame         Conj/Fire      #####...     1%          3    None
c - Mephitic Cloud        Conj/Pois/Air  ####....     3%          3    None
A - Repel Missiles        Chrm/Air       ###...       2%          2    None


Dungeon Overview and Level Annotations

Branches:
Dungeon (10/15)            Temple (1/1) D:7            Lair (1/8) D:8
    Orc: D:9-12

Altars:
Ashenzari
Cheibriados
Dithmenos
Elyvilon
Fedhas
Kikubaaqudgha
Makhleb
Nemelex Xobeh
Okawaru
Qazlal
Ru
Sif Muna
Trog
Vehumet
Xom
Yredelemnul
Zin
The Shining One

Shops:
D:6 [   D:8 ?

Annotations:
D:10 Grum


Innate Abilities, Weirdness & Mutations

You are resistant to torment.
Your stone body is resilient (AC +7).
You are immune to poison.
You resist negative energy.
You are resistant to electric shocks.
You can survive without breathing.
You are immune to petrification.
You are immune to rotting.
You are agile. (Dex +2)
You are frail (-10% HP).
You are somewhat resistant to further mutation.


Message History

The wolf bites the wolf but does no damage.
The wolf is engulfed in noxious fumes.
The wolf appears confused.
The wolf closely misses the wolf.
There is a stone staircase leading up here.
The wolf is engulfed in noxious fumes.
The wolf appears confused.
The wolf is engulfed in noxious fumes.
The wolf appears confused.
The wolf is engulfed in noxious fumes.
The wolf appears confused.
You climb upwards.
You are feeling very hungry.
There is a stone staircase leading down here.
Save game and exit?
Welcome back, OTRawrior the Gargoyle Wizard.
Vehumet says: Let it end in hellfire!
Press ? for a list of commands and other information.
Done exploring.
Save game and exit?
Welcome back, OTRawrior the Gargoyle Wizard.
Vehumet says: Let it end in hellfire!
Press ? for a list of commands and other information.
Are you sure you want to abandon this character and quit the game? (Confirm with "yes".)

#..# #..# #..# #..# ##..#
#..###..#####..#
....######..............#
........................#
..................####..#
.........#######..# #..#
........(# #..# #..#
.......<.# #..# #..#
.........# #@.# #..#
.........# #..# #..#
.........# #..# #..#
.........# #..####..#
.........#######........#
........................#
.#####.#####.#########..#
.# #.# #.# #..# .# #.#
#.# #..#


There were no monsters in sight!

Vanquished Creatures
  Pikel (D:4)
  An orc knight (Bailey)
  The ghost of herpmino the Cleaver, an experienced MiWn of Okawaru (D:6)
  A spiny frog (D:8)
  The ghost of urechis the Cudgeler, an average OgFi (D:4)
  A hungry ghost (D:8)
  A deep elf fighter (D:8)
  A porcupine (Lair:1)
  A water moccasin (Lair:1)
  2 slaves
  2 ice beasts
  7 orc warriors
  3 sky beasts
  A necrophage (D:6)
  A phantom (D:6)
  3 centaurs
  4 ogres
  A crocodile (D:8)
  A big kobold (D:9)
  A giant frog (D:6)
  A gnoll sergeant (D:8)
  4 scorpions
  6 killer bees (D:9)
  3 crimson imps
  A giant frog zombie (D:7)
  8 orc wizards
  6 orc priests
  A giant frog skeleton (D:7)
  5 hounds
  A centaur skeleton (D:4)
  2 iguanas
  8 worker ants
  Natasha (twice) (D:4 D:7)
  2 big kobold zombies (Ossuary)
  A hound zombie (D:6)
  A hound skeleton (D:5)
  8 mummies (Ossuary)
  16 gnolls
  2 river rats (D:8)
  9 adders
  2 shadow imps (D:6)
  An ooze (D:6)
  3 adder skeletons
  3 worms
  58 orcs
  20 bats
  2 bat skeletons
  A bat zombie (D:8)
  6 giant cockroaches
  7 hobgoblins
  14 jackals
  A ball python (D:4)
  A giant cockroach zombie (D:5)
  A giant gecko (D:7)
  A giant gecko skeleton (D:4)
  2 giant gecko zombies
  3 giant newts
  A gnoll zombie (Ossuary)
  11 goblins
  2 hobgoblin zombies (Ossuary)
  19 kobolds
  2 kobold zombies (Ossuary)
  An orc zombie (Ossuary)
  6 quokkas
  A quokka skeleton (D:5)
  18 rats
309 creatures vanquished.

Vanquished Creatures (others)
  A bat (D:4)
  A plant (D:8)
2 creatures vanquished.

Grand Total: 311 creatures vanquished

Notes
Turn   | Place    | Note
--------------------------------------------------------------
     0 | D:1      | OTRawrior the Gargoyle Wizard began the quest for the Orb.
     0 | D:1      | Reached XP level 1. HP: 10/10 MP: 4/4
   637 | D:1      | Reached XP level 2. HP: 10/15 MP: 6/6
   641 | D:1      | Learned a level 2 spell: Repel Missiles
  1171 | D:2      | Reached XP level 3. HP: 19/19 MP: 7/7
  1227 | D:3      | Learned a level 3 spell: Conjure Flame
  1506 | D:3      | Learned a level 3 spell: Mephitic Cloud
  1539 | D:3      | Reached XP level 4. HP: 24/24 MP: 3/9
  2010 | D:3      | Reached skill level 4 in Spellcasting
  2530 | D:2      | Reached XP level 5. HP: 28/28 MP: 4/11
  2549 | D:2      | Found a sparkling altar of Nemelex Xobeh.
  2730 | D:2      | Found a deep blue altar of Sif Muna.
  3213 | D:4      | Noticed urechis's ghost (average OgFi)
  3228 | D:4      | Killed urechis's ghost
  3228 | D:4      | Reached skill level 5 in Spellcasting
  3228 | D:4      | Reached skill level 5 in Conjurations
  3228 | D:4      | Reached XP level 6. HP: 16/32 MP: 13/13
  3543 | D:4      | Noticed an ogre
  3549 | D:4      | Noticed a slave
  3551 | D:4      | Noticed a slave
  3551 | D:4      | Noticed a slave
  3589 | D:3      | Killed a slave
  3676 | D:3      | Reached XP level 7. HP: 22/36 MP: 14/14
  3887 | D:4      | Killed an ogre
  3990 | D:4      | Got a jewelled hand axe
  3991 | D:4      | Identified the +6 hand axe of the Mushroom {vamp, Int+3} (You found it on level 4 of the Dungeon)
  4235 | D:4      | Reached skill level 1 in Fire Magic
  4866 | D:4      | Found a glowing golden altar of the Shining One.
  4870 | D:4      | Reached skill level 1 in Armour
  4961 | D:4      | Noticed Pikel
  4962 | D:4      | Noticed a slave
  5008 | D:4      | Killed a slave
  5139 | D:4      | Killed Pikel
  5139 | D:4      | Reached skill level 1 in Fighting
  5139 | D:4      | Reached skill level 6 in Spellcasting
  5139 | D:4      | Reached skill level 1 in Air Magic
  5139 | D:4      | Reached XP level 8. HP: 37/44 MP: 15/17
  5239 | D:4      | Noticed Natasha
  5247 | D:4      | Killed Natasha
  5548 | D:5      | Entered Level 5 of the Dungeon
  6103 | D:5      | Found an ancient bone altar of Kikubaaqudgha.
  6677 | D:5      | Reached XP level 9. HP: 42/49 MP: 16/18
  6683 | D:5      | Gained mutation: You are clumsy. (Dex -2) [mutagenic meat]
  6684 | D:5      | Gained mutation: You have a pair of small antennae on your head. [mutagenic meat]
  6685 | D:5      | Lost mutation: You have a pair of small antennae on your head. [mutagenic meat]
  6686 | D:5      | Lost mutation: You are clumsy. (Dex -2) [mutagenic meat]
  6687 | D:5      | Gained mutation: You are agile. (Dex +2) [mutagenic meat]
  6688 | D:5      | Gained mutation: You are frail (-10% HP). [mutagenic meat]
  7145 | D:6      | Found a stormy altar of Qazlal.
  7222 | D:6      | Got a faintly glowing cloak
  7223 | D:6      | Identified the +1 cloak of Trumpets {rN+} (You found it on level 6 of the Dungeon)
  7356 | D:6      | Found Donucekur's Antique Armour Shop.
  7370 | D:6      | Bought a buckler for 144 gold pieces
  7665 | D:6      | Found a stormy altar of Qazlal.
  7742 | D:6      | Noticed herpmino's ghost (experienced MiWn)
  7754 | D:6      | Killed herpmino's ghost
  7754 | D:6      | Reached skill level 1 in Shields
  7754 | D:6      | Reached skill level 7 in Spellcasting
  8337 | D:7      | Gained mutation: You are somewhat resistant to further mutation. [mutagenic meat]
  8466 | D:7      | Found a staircase to the Ecumenical Temple.
  8501 | D:7      | Noticed Natasha
  8504 | D:7      | Killed Natasha
  8602 | D:7      | Found a sand-covered staircase.
  8611 | Ossuary  | Entered an ossuary
  8871 | Ossuary  | Reached skill level 5 in Fire Magic
  9168 | D:6      | Bought a pair of runed boots for 144 gold pieces
  9734 | D:8      | Reached XP level 10. HP: 47/50 MP: 21/21
  9956 | D:8      | Found a flagged portal.
  9980 | Bailey   | Entered a bailey
 10455 | Bailey   | Noticed an orc knight
 10455 | Bailey   | Noticed an orc knight
 10485 | Bailey   | Killed an orc knight
 10815 | D:8      | Reached skill level 8 in Spellcasting
 10946 | D:8      | Found a staircase to the Lair.
 10976 | Lair:1   | Entered Level 1 of the Lair of Beasts
 11167 | Temple   | Entered the Ecumenical Temple
 11252 | Temple   | Became a worshipper of Vehumet
 11371 | D:8      | Found Duung's Magic Scroll Shoppe.
 11388 | D:8      | Bought 2 scrolls of magic mapping for 77 gold pieces
 11388 | D:8      | Bought a scroll of teleportation for 33 gold pieces
 11388 | D:8      | Bought a scroll of identify for 22 gold pieces
 11806 | D:8      | Got a twisted whip
 11807 | D:8      | Identified the +2 whip of Vuhish {slash, MR+ Dex+3} (You took it off an orc on level 8 of the Dungeon)
 11872 | D:8      | Reached skill level 5 in Air Magic
 12208 | D:9      | Reached skill level 5 in Shields
 12948 | D:10     | Entered Level 10 of the Dungeon
 12952 | D:10     | Noticed Grum
 12959 | D:9      | Upgraded the game from 0.17-a0-1575-g9a29ec8 to 0.18-a0-19-g8b99b3a
 12959 | D:9      | Quit the game

Vault maps used:
D:1:      dpeg_arrival_pond, minmay_unequal
D:2:      lemuel_coloured_pillars_altar, lemuel_tele_altar
D:3:      first_bread
D:4:      tso_altar, minmay_misc_feat_iff, minmay_liquid_box, minivault_11,
          uniq_natasha, uniq_pikel
D:5:      basic_altar, minmay_strange_pillars
D:6:      grunt_qazlal_clouds, serial_shops, nicolae_shop_statue_plus,
          basic_altar
D:7:      temple_doors_e, lightli_ossuary_entry_decrepit_ruins,
          minmay_stone_trees_medium
D:8:      grunt_lair_entry_elf_guard_hut, serial_shops, nicolae_shop_stone,
          enter_bailey_2
D:10:     grunt_ogre_cave, uniq_urug, uniq_grum, uniq_erica
Temple:   lightli_temple_of_artemis
Lair:1:   serial_bayou_shore_b, infiniplex_staircase_pool_2, uniq_nergalle
Ossuary:  ossuary_tomb_3
Bailey:   bailey_polearm_5, bailey

Action                   |  1- 3 |  4- 6 |  7- 9 | 10-12 || total
-------------------------+-------+-------+-------+-------++-------
Melee: Unarmed           |    44 |       |       |       ||    44
       Short sword       |    78 |    83 |    20 |       ||   181
       Whip              |       |       |   118 |   100 ||   218
       Flail             |       |       |    30 |    41 ||    71
 Cast: Magic Dart        |    35 |    79 |   439 |   282 ||   835
       Conjure Flame     |       |     1 |    11 |     4 ||    16
       Mephitic Cloud    |       |     2 |    23 |    24 ||    49
       Repel Missiles    |       |       |     2 |       ||     2
  Use: Scroll            |     2 |     4 |    17 |     4 ||    27
       Potion            |       |       |       |     8 ||     8
 Stab: Confused          |       |     1 |     4 |     2 ||     7
       Sleeping          |       |       |     1 |       ||     1
  Eat: Chunk             |     2 |     7 |    28 |    11 ||    48
       Pizza             |       |       |     1 |       ||     1
